Map: Persephone LE

Players

Geralt (Gerald) - Winner!

  • Race: Protoss Protoss
  • League: Master
  • Spawn Location: 7:00

STZsOs (sOs)

  • Race: Protoss Protoss
  • League: Master
  • Spawn Location: 11:00

Event: FEL Cracov 2025

VOD

Have the link to the VOD?

Description

Time

  • Played on: July 27, 2025, 11:19 a.m.
  • Length: 9:55

All games in this series

Show
View Real Time Build Order
Export as new Build Order

Geralt Protoss - Winner!

Build Orders: Blink Stalkers 

Get SALT Encoding   

  12  0:00  Probe  
  13  0:12  Probe  
  14  0:17  Pylon  
  14  0:22  Probe  
  15  0:31  Probe  
  16  0:36  Gateway  
  16  0:39  Probe  
  16  0:46  Assimilator  
  17  0:51  Probe  
  17  0:55  Assimilator  
  18  1:00  Probe  
  19  1:08  Probe, Gateway  
  19  1:18  Probe  
  20  1:25  Cybernetics Core  
  21  1:30  Probe  
  22  1:36  Pylon  
  22  1:42  Probe  
  22  1:45  Pylon  
  23  1:54  Probe  
  24  2:01  Stalker  
  24  2:02  Pylon  
  24  2:06  Probe  
  27  2:11  Stalker  
  29  2:18  Probe  
  29  2:20  Pylon  
  30  2:25  Pylon  
  30  2:26  Warp Gate  
  30  2:33  Pylon  
  30  2:36  Probe  
  31  2:44  Twilight Council  
  30  2:48  Probe  
  31  3:02  Nexus  
  31  3:05  Sentry  
  33  3:07  Blink  
  33  3:08  Probe  
  34  3:15  Shield Battery  
  34  3:20  Probe  
  35  3:34  Probe  
  36  3:35  Pylon  
  36  3:44  Shield Battery  
  36  3:54  Probe  
  36  3:55  Gateway  
  37  4:07  Probe  
  38  4:15  Stalker x2  
  43  4:17  Probe  
  43  4:19  Probe  
  44  4:29  Probe  
  44  4:31  Probe  
  46  4:41  Probe  
  46  4:43  Probe  
  46  4:45  Stalker x2  
  52  4:47  Pylon  
  52  4:55  Probe  
  53  5:00  Nexus  
  53  5:01  Probe  
  53  5:05  Gateway  
  54  5:07  Probe  
  54  5:13  Probe  
  54  5:14  Pylon  
  56  5:21  Adept x2  
  58  5:23  Stalker  
  62  5:28  Forge  
  62  5:34  Charge  
  62  5:37  Probe  
  62  5:42  Probe  
  64  5:49  Probe  
  65  5:54  Probe, Protoss Ground Weapons Level 1  
  62  6:01  Probe  
  61  6:06  Stalker x4, Probe  
  68  6:13  Probe  
  68  6:17  Gateway  
  69  6:18  Probe  
  69  6:20  Probe  
  69  6:22  Gateway  
  69  6:24  Gateway  
  71  6:27  Probe  
  71  6:28  Shield Battery  
  71  6:30  Probe, Robotics Facility  
  71  6:32  Probe  
  74  6:40  Zealot x2  
  74  6:41  Zealot x2  
  74  6:42  Probe  
  83  6:47  Probe  
  83  6:51  Probe  
  84  6:54  Probe  
  84  6:56  Pylon  
  84  6:59  Gateway  
  84  7:01  Gateway  
  85  7:03  Gateway, Templar Archives  
  85  7:04  Probe  
  80  7:19  Zealot x6  
  90  7:25  Zealot  
  90  7:27  Observer  
  92  7:32  Probe  
  94  7:39  Assimilator  
  94  7:42  Assimilator  
  90  7:44  Zealot  
  90  7:45  Zealot x4, Pylon  
  90  7:46  Pylon  
  90  7:50  Templar Archives  
  91  8:06  Gateway  
  91  8:07  Pylon  
  91  8:10  Zealot x9  
  108  8:26  Immortal  
  110  8:34  High Templar x3  
  114  8:38  Archon, Pylon  
  114  8:40  Pylon  
  116  8:42  Pylon  
  116  8:49  Pylon  
  112  8:56  Immortal  
  112  8:58  Zealot x2  
  112  8:59  Zealot x2  
  112  9:01  Zealot x3  
  124  9:10  Zealot x4  
  128  9:17  Probe  
  128  9:20  Probe  
  128  9:22  Zealot x7  
  107  9:33  Zealot x4  
  99  9:39  Probe  
  99  9:40  Probe  
  92  9:46  Stalker  
  92  9:47  Stalker  
Show
View Real Time Build Order
Export as new Build Order

STZsOs Protoss 

Build Orders:  

Get SALT Encoding   

  12  0:00  Probe  
  13  0:12  Probe  
  14  0:17  Pylon  
  14  0:23  Probe  
  15  0:31  Probe  
  15  0:37  Gateway  
  15  0:40  Probe  
  16  0:46  Assimilator  
  17  0:51  Probe  
  18  0:58  Pylon  
  18  0:59  Probe  
  19  1:05  Assimilator  
  19  1:07  Probe  
  20  1:17  Probe  
  20  1:25  Cybernetics Core  
  21  1:30  Probe  
  21  1:31  Zealot  
  24  1:42  Probe  
  25  1:54  Probe  
  26  2:02  Sentry  
  26  2:04  Warp Gate  
  28  2:18  Pylon  
  28  2:22  Stalker  
  28  2:23  Pylon  
  30  2:30  Probe  
  31  2:42  Shield Battery  
  31  2:53  Nexus  
  31  2:57  Robotics Facility  
  31  2:58  Sentry  
  31  3:04  Gateway  
  32  3:06  Probe  
  33  3:16  Pylon  
  33  3:18  Probe  
  34  3:27  Sentry  
  34  3:31  Probe  
  34  3:33  Warp Prism  
  37  3:43  Probe  
  40  3:55  Probe  
  41  3:58  Sentry  
  43  4:06  Observer  
  43  4:07  Probe x2  
  46  4:15  Probe  
  46  4:17  Immortal  
  46  4:19  Probe  
  46  4:23  Probe  
  53  4:31  Probe  
  53  4:33  Forge, Probe  
  55  4:43  Probe  
  57  4:45  Probe  
  57  4:55  Probe  
  57  4:57  Probe  
  57  4:59  Twilight Council  
  59  5:01  Assimilator  
  59  5:02  Assimilator, Pylon  
  59  5:08  Pylon  
  59  5:11  Pylon  
  59  5:15  Probe x2  
  65  5:29  Probe  
  65  5:30  Probe  
  65  5:33  Protoss Ground Weapons Level 1  
  65  5:34  Pylon  
  67  5:40  Immortal  
  67  5:41  Stalker x2  
  71  5:49  Probe x2  
  72  5:53  Blink  
  72  5:58  Pylon  
  72  6:01  Probe  
  72  6:03  Probe  
  69  6:13  Probe, Gateway  
  69  6:14  Gateway  
  69  6:15  Gateway  
  69  6:16  Gateway  
  70  6:20  Gateway  
  70  6:22  Immortal  
  70  6:31  Probe  
  75  6:36  Observer  
  75  6:39  Adept  
  77  6:40  Adept  
  77  6:43  Pylon  
  79  6:58  Pylon  
  79  7:04  Stalker x2  
  83  7:10  Warp Prism  
  81  7:16  Stalker x2  
  81  7:17  Stalker x3  
  88  7:36  Stalker x2  
  90  7:38  Pylon  
  90  7:47  Stalker x4  
  98  8:06  Stalker x3  
  98  8:10  Stalker x2, Observer  
  98  8:11  Stalker  
  109  8:17  Pylon  
  109  8:18  Pylon  
  107  8:34  Pylon  
  107  8:41  Stalker x5  
  117  9:05  Pylon  
  117  9:09  Stalker x4  
  115  9:26  Stalker x3  
  103  9:32  Stalker x2  
Tags
 
Add a new tag
Caveats
  • Supply blocks, unpowered buildings, or Contaminate may cause inaccurate times.
  • Supply counts are checked every 10 seconds.